 Dungeon Crawl Stone Soup version 0.31-a0-152-g6aa68a64a1 (webtiles) character file.

Game seed: 12288810163038622915

6419 CowFu the Geomancer (level 10, -16/56 HPs)
             Began as a Gargoyle Earth Elementalist on June 9, 2023.
             Was a High Priest of Zin.
             Demolished by Snorg (21 damage)
             ... on level 10 of the Dungeon on June 11, 2023.
             The game lasted 00:16:25 (10362 turns).

CowFu the Geomancer (Gargoyle Earth Elementalist)  Turns: 10362, Time: 00:16:26

Health: -16/56     AC: 20    Str: 12    XL:     10   Next: 98%
Magic:  3/13       EV: 12    Int: 20    God:    Zin [*****.]
Gold:   779        SH:  5    Dex: 10    Spells: 3/13 levels left

rFire   + . .        y - +1 whip (freeze)
rCold   . . .        (no shield)
rNeg    + . .        A - +1 robe {rF+}
rPois   ∞            (no helmet)
rElec   +            B - +0 cloak
rCorr   .            u - +2 pair of gloves
SInv    .            q - +0 pair of boots
Will    +....        C - amulet of reflection
Stlth   ++           c - +4 ring of protection
HPRegen 0.29/turn    D - ring of willpower
MPRegen 0.13/turn

%: reflection
@: no status effects
A: sickness immunity, AC +7, negative energy resistance 1, electricity
resistance, torment resistance 1, petrification resistance
a: Renounce Religion, Recite, Vitalisation, Imprison, Sanctuary, Donate Gold


You were on level 10 of the Dungeon.
You worshipped Zin.
Zin was extremely pleased with you.
You visited 1 branch of the dungeon, and saw 10 of its levels.
You also visited: Sewer and Ossuary.

You collected 923 gold pieces.
You spent 52 gold pieces at shops.
You donated 92 gold pieces to Zin.

Inventory:

Hand Weapons
 d - a +0 short sword of electrocution
 l - a +0 whip
 s - a +1 dagger of venom
 y - a +1 whip of freezing (weapon)
Missiles
 z - a throwing net
Armour
 j - a +0 kite shield
 q - a +0 pair of boots (worn)
 u - a +2 pair of gloves (worn)
 A - a +1 robe of fire resistance (worn)
 B - a +0 cloak (worn)
Jewellery
 c - a +4 ring of protection (left hand)
 x - a ring of fire
 C - an amulet of reflection (around neck)
 D - a ring of willpower (right hand)
Wands
 k - a wand of acid (8)
 t - a wand of flame (36)
 G - a wand of roots (10)
 I - a wand of charming (21)
Scrolls
 e - 2 scrolls of immolation
 f - 2 scrolls of fog
 g - 3 scrolls of silence
 h - 3 scrolls of poison
 i - 2 scrolls of fear
 v - 4 scrolls of teleportation
Potions
 a - 3 potions of mutation
 b - a potion of magic
 m - 2 potions of enlightenment
 n - 4 potions of curing
 o - a potion of invisibility
 p - 2 potions of heal wounds
 r - 2 potions of attraction
 w - a potion of berserk rage
 E - 2 potions of brilliance
 F - 2 potions of ambrosia
 H - 2 potions of haste


   Skills:
 + Level 3.7 Fighting
 + Level 3.7 Armour
 + Level 3.3 Dodging
 - Level 2.1 Stealth
 - Level 2.0 Spellcasting
 + Level 11.0 Conjurations
 - Level 0.7 Transmutations
 + Level 13.0 Earth Magic
 + Level 3.5 Invocations


You had 3 spell levels left.
You knew the following spells:

 Your Spells              Type           Power      Damage    Failure   Level
a - Sandblast             Erth           100%       2d20      1%          1
b - Stone Arrow           Conj/Erth      100%       3d13      1%          3
c - Passwall              Tmut/Erth      24%        N/A       1%          2
d - Petrify               Tmut/Erth      29%        N/A       10%         4

Your spell library contained the following spells:

 Spells                   Type           Power      Damage    Failure   Level
 Ignite Poison            Fire/Tmut/Pois 2%         N/A       41%         3
 Volatile Blastmotes      Fire/Tloc      4%         2d10      43%         3
 Lee's Rapid Deconstruct  Erth           26%        3d14*     1%          5
 Fulminant Prism          Conj/Hex       12%        3d8       16%         4
 Iskenderun's Mystic Bla  Conj/Tloc      24%        2d7       16%         4
 Sticky Flame             Conj/Fire      24%        2d5       16%         4
 Ignition                 Fire           1%         3d3       100%        8


Dungeon Overview and Level Annotations

Branches:
Dungeon (10/15)            Temple (0/1) D:7           Sewer (visited)
Ossuary (visited)
   Lair: D:8-11         Orc: D:9-12

Altars:
Ashenzari
Dithmenos
Hepliaklqana
Makhleb
Nemelex Xobeh
Okawaru
Sif Muna
Uskayaw
Vehumet
Wu Jian
Yredelemnul
The Shining One

Shops:
D:7 ?

Annotations:
D:8 3 transporters
D:10 Snorg


Innate Abilities, Weirdness & Mutations

You are immune to sickness and miasma.
Your stone body is resilient. (AC +7)
You are immune to poison.
You resist negative energy. (rN+)
You are resistant to electric shocks. (rElec)
You are resistant to unholy torment.
You are immune to petrification.


Message History

The blast of sand hits Snorg!
Snorg is lightly wounded.
Casting: Sandblast (safe; 1% risk of failure)
Confirm with . or Enter, or press ? or * to list all spells.
Aiming: Sandblast (safe; 1% risk of failure)
Press: ? - help, Shift-Dir - straight line, f/p - Snorg
Aim: Snorg (lightly wounded, 85% to hit)
The blast of sand misses Snorg.
Snorg bites you.
* * * LOW HITPOINT WARNING * * *
Snorg claws you but does no damage. Snorg closely misses you.
Casting: Sandblast (safe; 1% risk of failure)
Confirm with . or Enter, or press ? or * to list all spells.
Aiming: Sandblast (safe; 1% risk of failure)
Press: ? - help, Shift-Dir - straight line, f/p - Snorg
Aim: Snorg (lightly wounded, 85% to hit)
The blast of sand hits Snorg.
Snorg is lightly wounded.
You are no longer corroded.
Snorg bites you but does no damage. Snorg claws you but does no damage. x2
Snorg bites you but does no damage. Snorg barely misses you. Snorg claws you.
* * * LOW HITPOINT WARNING * * *
Casting: Sandblast (safe; 1% risk of failure)
Confirm with . or Enter, or press ? or * to list all spells.
Aiming: Sandblast (safe; 1% risk of failure)
Press: ? - help, Shift-Dir - straight line, f/p - Snorg
Aim: Snorg (lightly wounded, 85% to hit)
The blast of sand hits Snorg!
Snorg is moderately wounded.
You hear the faint creaking of a very distant portcullis.
Snorg goes berserk!
Casting: Sandblast (safe; 1% risk of failure)
Confirm with . or Enter, or press ? or * to list all spells.
Aiming: Sandblast (safe; 1% risk of failure)
Press: ? - help, Shift-Dir - straight line, f/p - Snorg
Aim: Snorg (moderately wounded, berserk, 85% to hit)
The blast of sand hits Snorg!!
Snorg is heavily wounded.
You block Snorg's attack. Snorg closely misses you. Snorg barely misses you.
Snorg bites you!!
You die...

..........# ##....###
..........# #.......#
..........# #...$...#
..........# #.......#
..........#######.......#
.....................)..#
..........##............#
#.........##....†.......#
........##...T@.......#
......####.$..#.....<.#
...... #....#.......#
...... .......#.......#
.... #.#....#......##
..........#...##
..#...#.#######
.......#.#


You could see Snorg (berserk).

Vanquished Creatures
  A centaur warrior (D:9)
  A two-headed ogre (D:9)
  Pikel (D:8)
  Maurice (D:9)
  Joseph (D:9)
  4 yaks (D:9)
  A steam dragon (D:8)
  An acid dragon (D:10)
  Duvessa (D:7)
  A water moccasin (D:5)
  A black bear (D:7)
  2 orc warriors
  2 sky beasts (D:8)
  An ogre (D:5)
  3 centaurs
  A phantom (D:5)
  A lemure (D:8)
  3 elf zombies
  3 kobold brigands
  A gnoll sergeant (D:5)
  A bullfrog (D:9)
  Dowan (D:7)
  11 killer bees (D:9)
  4 howler monkeys
  A centaur zombie (Ossuary)
  6 orc priests
  5 hounds
  2 human zombies
  2 jellies
  A gnoll bouda (D:4)
  2 iguanas
  Natasha (thrice) (D:2)
  2 orc wizards
  2 mummies (Ossuary)
  12 gnolls
  A river rat (Sewer)
  4 adders
  3 shadow imps
  2 white imps
  2 ufetubi (D:4)
  A worm (D:5)
  23 orcs
  2 ball pythons
  2 bats
  6 endoplasms
  2 giant cockroaches (D:6)
  2 gnoll zombies (Ossuary)
  6 hobgoblins
  2 jackals (Sewer)
  13 kobolds
  5 quokkas
  2 frilled lizards
  11 goblins
  2 goblin zombies
  8 hobgoblin zombies
  A kobold skeleton (D:8)
  5 orc skeletons
  5 orc zombies
  8 rats
204 creatures vanquished.

Notes
Turn   | Place    | Note
-------+----------+-------------------------------------------
     0 | D:1      | CowFu the Gargoyle Earth Elementalist began the quest for
                  | the Orb.
     0 | D:1      | Reached XP level 1. HP: 10/10 MP: 3/3
   184 | D:1      | Reached skill level 4 in Earth Magic
   415 | D:1      | Reached XP level 2. HP: 15/15 MP: 1/5
   780 | D:2      | Noticed Natasha
   783 | D:2      | Killed Natasha
   784 | D:2      | Reached skill level 5 in Earth Magic
   784 | D:2      | Reached XP level 3. HP: 19/19 MP: 2/6
   788 | D:2      | Learned a level 3 spell: Stone Arrow
  1269 | D:2      | Noticed Natasha
  1275 | D:2      | Killed Natasha
  1276 | D:2      | Reached skill level 1 in Conjurations
  1276 | D:2      | Reached XP level 4. HP: 7/24 MP: 2/7
  1345 | D:2      | Found a faded altar of an unknown god.
  1574 | D:2      | Noticed Natasha
  1583 | D:2      | Killed Natasha
  1584 | D:2      | Reached skill level 6 in Earth Magic
  1584 | D:2      | Reached XP level 5. HP: 28/28 MP: 4/8
  1652 | D:2      | Learned a level 2 spell: Passwall
  1802 | D:3      | Found a burning altar of Makhleb.
  1805 | D:3      | Noticed an Executioner
  2395 | D:3      | Found a sparkling altar of Nemelex Xobeh.
  2685 | D:4      | Reached XP level 6. HP: 32/32 MP: 7/9
  3019 | D:4      | Reached skill level 7 in Earth Magic
  3431 | D:5      | Entered Level 5 of the Dungeon
  4122 | D:5      | Reached XP level 7. HP: 36/36 MP: 6/10
  4526 | D:5      | Reached skill level 5 in Conjurations
  4568 | D:5      | Reached skill level 8 in Earth Magic
  4671 | D:5      | Found an iron altar of Okawaru.
  4720 | D:5      | Found a hide-covered altar of Uskayaw.
  4720 | D:5      | Found a hazy altar of Hepliaklqana.
  5439 | D:5      | Reached XP level 8. HP: 41/41 MP: 5/11
  5617 | D:6      | Reached skill level 9 in Earth Magic
  5660 | D:6      | Found a glowing drain.
  5676 | Sewer    | Entered a sewer
  5747 | Sewer    | Found a glowing silver altar of Zin.
  5756 | Sewer    | Became a worshipper of Zin the Law-Giver
  5756 | Sewer    | Reached * piety under Zin
  5756 | Sewer    | Reached ** piety under Zin
  5839 | D:6      | Found a sand-covered staircase.
  5846 | Ossuary  | Entered an ossuary
  6175 | Ossuary  | Reached *** piety under Zin
  6191 | Ossuary  | Reached **** piety under Zin
  6209 | Ossuary  | Reached ***** piety under Zin
  6270 | D:6      | Reached skill level 10 in Earth Magic
  6965 | D:7      | Noticed Duvessa
  6977 | D:7      | Killed Duvessa
  6978 | D:7      | Reached XP level 9. HP: 17/45 MP: 6/12
  6982 | D:7      | Noticed Dowan
  6985 | D:7      | Killed Dowan
  7104 | D:7      | Found a broken altar of Ashenzari.
  7376 | D:7      | Found Gauxiuh's Magic Scroll Boutique.
  7384 | D:7      | Bought a scroll of fear for 52 gold pieces
  7873 | D:7      | Found a staircase to the Ecumenical Temple.
  8039 | D:8      | Reached skill level 11 in Earth Magic
  8072 | D:8      | Found a radiant altar of Vehumet.
  8200 | D:8      | Noticed Pikel
  8227 | D:8      | Killed Pikel
  8511 | D:8      | Learned a level 4 spell: Petrify
  8571 | D:8      | Found a transporter.
  8571 | D:8      | Found a transporter.
  8578 | D:8      | Found a transporter.
  8578 | D:8      | Found a transporter.
  8596 | D:8      | Reached skill level 12 in Earth Magic
  8646 | D:8      | Found a glowing golden altar of the Shining One.
  8862 | D:9      | Reached skill level 10 in Conjurations
  9035 | D:9      | Found a shadowy altar of Dithmenos.
  9040 | D:9      | Reached XP level 10. HP: 46/50 MP: 11/13
  9051 | D:9      | Reached skill level 1 in Fighting
  9051 | D:9      | Reached skill level 1 in Armour
  9051 | D:9      | Reached skill level 1 in Invocations
  9201 | D:9      | Found a basalt altar of Yredelemnul.
  9209 | D:9      | Noticed a centaur warrior
  9215 | D:9      | Killed a centaur warrior
  9367 | D:9      | Noticed a two-headed ogre
  9375 | D:9      | Killed a two-headed ogre
  9543 | D:9      | Found an ornate altar of the Wu Jian Council.
  9551 | D:9      | Noticed Joseph
  9557 | D:9      | Killed Joseph
  9956 | D:9      | Noticed Maurice
 10003 | D:9      | Killed Maurice
 10004 | D:9      | Reached skill level 13 in Earth Magic
 10236 | D:9      | Found a shimmering blue altar of Sif Muna.
 10302 | D:9      | Upgraded the game from 0.31-a0-150-g89dc3ad700 to
                  | 0.31-a0-152-g6aa68a64a1
 10313 | D:10     | Entered Level 10 of the Dungeon
 10352 | D:10     | Noticed Snorg
 10362 | D:10     | Demolished by Snorg

Illustrated notes

Levels and vault maps discovered:
D:1:      amcnicky_arrival_feature_with_door, layout_loops_cross
D:2:      layout_loops_ring, ebering_ecumenical_altar_box, uniq_natasha
D:3:      layout_loops_ring, makhleb_altar_promises_db, marbit_many_paths,
          serial_rivers, chequers_serial_rivers_small_3,
          chequers_serial_rivers_small_b, chequers_serial_rivers_large_b,
          chequers_serial_rivers_room_b, chequers_serial_rivers_marsh,
          minivault_24
D:4:      minmay_angry_zag, layout_basic
D:5:      layout_layer_cave, mainiacjoe_overflow_concentric_impassable,
          jmf_multi_god_temple, minmay_misc_feat_more_columns
D:6:      nicolae_cairo_tiling_large, layout_cave_pools,
          nicolae_ossuary_entry_catacombs, gup_sewer_entry_pipe,
          kennysheep_big_empty_room
D:7:      corexii_shack_village, layout_loops_ring, ashenzari_altar_1,
          minmay_temple_entry_nine_rooms, serial_shops, shop, uniq_duvessa
D:8:      layout_rooms, nicolae_tso_besieged_by_evil, vehumet_altar_wand_db,
          nicolae_diode_quadrants, uniq_pikel
D:9:      layout_roguey, grunt_dithmenos_smoke, lemuel_blue_sif_altar,
          yredelemnul_altar_generic, pdpol_wu_jian_five_deadly_venoms,
          uniq_maurice, uniq_joseph
D:10:     layout_rooms, cheibriados_altar_1, david_lair_generic, enter_bailey_7,
          uniq_snorg

Skill      XL: |  1  2  3  4  5  6  7  8  9 10 |
---------------+-------------------------------+-----
Earth Magic    | 4 5 6 7 8 10 12 13 | 13.0
Conjurations   | 1 2 3 4 6 8 10 11 | 11.0
Fighting       | 3 |  3.7
Armour         | 3 |  3.7
Dodging        | 3 |  3.3
Invocations    | 3 |  3.5
Stealth        | |  2.1
Spellcasting   | |  2.0
Transmutations | |  0.7

Action                     |  1- 3 |  4- 6 |  7- 9 | 10-12 || total
---------------------------+-------+-------+-------+-------++-------
  Melee: Dagger            |       |     9 |   114 |       ||   123
         Punch             |       |     1 |     2 |       ||     3
         Whip              |       |       |    59 |    41 ||   100
   Cast: Sandblast         |    29 |    72 |   150 |    69 ||   320
         Stone Arrow       |       |     9 |    14 |     2 ||    25
 Invoke: Recite            |       |       |     5 |     1 ||     6
    Use: Scroll            |       |       |    19 |     3 ||    22
         Potion            |       |       |     1 |     1 ||     2
   Stab: Sleeping          |       |       |     1 |       ||     1
 Armour: Robe              |     1 |    18 |   166 |    75 ||   260
  Dodge: Dodged            |     3 |    42 |   157 |    68 ||   270
  Block: Other             |       |       |       |     2 ||     2

Table legend: (Time is in decaauts)
 A = Elapsed time spent in this place.
 B = Non-inter-level travel time spent in this place.
 C = Inter-level travel time spent in this place.
 D = Time resting spent in this place.
 E = Time spent auto-exploring this place.
 F = Levels seen in this place.
 G = Mean time per level.
                   A        B        C        D        E       F      G
               +--------+--------+--------+--------+--------+-----+--------+
         Total |  10587 |  10042 |    545 |      0 |   8202 |  12 |  882.2 |
       Dungeon |  10030 |   9485 |    545 |      0 |   7879 |  10 | 1003.0 |
         Sewer |    143 |    143 |      0 |      0 |      0 |   1 |  143.0 |
       Ossuary |    413 |    413 |      0 |      0 |    323 |   1 |  413.0 |
               +--------+--------+--------+--------+--------+-----+--------+

Top non-repeatable levels by time:
     D:5: 1661 daAuts
     D:9: 1528 daAuts
     D:4: 1295 daAuts
     D:7: 1164 daAuts
     D:3: 1044 daAuts
     D:2: 1011 daAuts
     D:6: 856 daAuts
     D:8: 745 daAuts
     D:1: 672 daAuts
 Ossuary: 413 daAuts
   Sewer: 143 daAuts
    D:10: 50 daAuts
